Map: Acid Plant LE

Players

llllllllllll

  • Race: Terran Terran
  • League: Master
  • Spawn Location: 5:00

Ascarecroww - Winner!

  • Race: Zerg Zerg
  • League: Master
  • Spawn Location: 11:00

VOD

Have the link to the VOD?

Description

Time

  • Played on: Feb. 11, 2018, 9:51 a.m.
  • Length: 9:00
Show
View Real Time Build Order
Export as new Build Order

llllllllllll Terran 

Build Orders: Reaper Expand, Hellion Banshee 

Get SALT Encoding   

  12  0:01  SCV  
  13  0:13  SCV  
  14  0:17  Supply Depot  
  14  0:25  SCV  
  14  0:28  Refinery  
  15  0:38  SCV  
  16  0:45  Barracks  
  16  0:50  SCV  
  17  1:03  SCV  
  18  1:15  SCV  
  19  1:32  Orbital Command, Reaper  
  20  1:43  Command Center  
  20  1:54  Factory  
  20  1:59  SCV  
  21  2:06  Barracks Reactor  
  21  2:11  SCV  
  22  2:20  Supply Depot  
  22  2:23  Refinery  
  22  2:24  SCV  
  23  2:41  SCV  
  23  2:43  Starport  
  24  2:51  Hellion x2  
  28  2:53  SCV  
  29  2:59  Orbital Command  
  29  3:00  Barracks Tech Lab  
  29  3:08  SCV  
  30  3:14  Hellion  
  30  3:16  Hellion  
  34  3:27  SCV  
  34  3:28  SCV  
  34  3:33  Viking  
  38  3:39  SCV  
  38  3:40  SCV  
  40  3:45  Supply Depot  
  40  3:51  Hellion x2  
  40  3:52  SCV x2  
  46  4:01  Armory  
  46  4:04  Supply Depot  
  46  4:06  SCV  
  46  4:08  SCV  
  48  4:16  Cyclone x2  
  54  4:25  Banshee, SCV  
  58  4:33  Supply Depot  
  58  4:37  SCV x2  
  60  4:49  SCV  
  61  4:53  Command Center, SCV  
  61  4:59  Supply Depot  
  62  5:01  Refinery, SCV  
  62  5:02  Refinery  
  62  5:05  SCV  
  64  5:14  SCV  
  65  5:15  Hellion x2  
  65  5:17  SCV  
  65  5:20  Supply Depot, Barracks Tech Lab  
  70  5:26  SCV  
  70  5:27  Factory  
  71  5:28  Engineering Bay  
  71  5:29  SCV  
  72  5:42  SCV x2  
  74  5:43  Factory  
  74  5:54  SCV  
  74  5:55  SCV  
  74  5:56  Supply Depot  
  76  5:57  Missile Turret x2  
  76  5:58  Supply Depot  
  76  6:01  Starport Reactor  
  76  6:07  SCV  
  76  6:09  Missile Turret, Orbital Command  
  73  6:12  Thor  
  77  6:27  Missile Turret  
  77  6:30  Hellion x2  
  81  6:33  Thor  
  87  6:40  SCV x2  
  87  6:44  Refinery  
  87  6:48  SCV  
  87  6:52  SCV  
  89  6:56  Missile Turret  
  89  6:59  Orbital Command  
  86  7:10  SCV x2  
  88  7:18  Refinery  
  88  7:22  SCV x2  
  90  7:27  SCV  
  90  7:28  Thor  
  97  7:31  Refinery  
  97  7:34  SCV x2  
  97  7:35  Missile Turret  
  99  7:39  Refinery, SCV  
  99  7:43  Thor  
  106  7:46  SCV x2  
  106  7:50  Supply Depot  
  108  7:51  SCV  
  108  7:54  Supply Depot  
  108  7:55  Supply Depot  
  108  7:58  Supply Depot  
  109  8:02  SCV x2  
  111  8:09  SCV  
  111  8:10  Hellion x2, Armory  
  116  8:14  SCV  
  116  8:15  SCV  
  118  8:20  Command Center  
  118  8:21  SCV  
  118  8:26  Siege Tank  
  124  8:27  Hellion  
  124  8:28  SCV x2  
  124  8:31  Hellion  
Show
View Real Time Build Order
Export as new Build Order

Ascarecroww Zerg - Winner!

Build Orders: Pool First 

Get SALT Encoding   

  12  0:01  Drone  
  13  0:13  Overlord  
  13  0:18  Drone  
  14  0:32  Drone  
  14  0:33  Drone  
  16  0:36  Drone  
  17  0:47  Spawning Pool  
  17  0:49  Drone  
  17  0:58  Drone  
  18  1:12  Hatchery  
  18  1:13  Extractor  
  18  1:17  Drone  
  17  1:20  Drone  
  18  1:34  Zergling x2  
  18  1:38  Queen  
  21  1:40  Drone  
  22  1:53  Overlord  
  22  2:13  Queen  
  24  2:19  Metabolic Boost  
  24  2:20  Drone x2  
  26  2:24  Queen  
  26  2:29  Drone x2  
  30  2:35  Drone  
  31  2:41  Drone  
  32  2:45  Overlord  
  32  2:48  Drone x3  
  35  2:53  Drone  
  35  2:55  Lair  
  36  3:02  Overlord  
  36  3:05  Drone  
  37  3:10  Drone  
  37  3:11  Drone  
  39  3:19  Drone x2  
  41  3:22  Extractor  
  41  3:23  Extractor  
  41  3:27  Drone x3  
  43  3:38  Drone  
  43  3:39  Drone x4  
  43  3:41  Extractor  
  46  3:44  Queen  
  46  3:45  Roach Warren  
  46  3:48  Evolution Chamber  
  46  3:50  Drone x2  
  48  3:57  Drone  
  48  3:58  Drone x2  
  51  4:07  Spire  
  50  4:15  Overlord x2  
  50  4:18  Extractor  
  50  4:19  Drone x3  
  50  4:21  Overlord x2  
  52  4:32  Overlord  
  52  4:37  Zergling x4  
  54  4:47  Overlord  
  54  4:51  Roach x3  
  54  4:52  Roach  
  62  4:54  Hatchery  
  62  4:56  Drone  
  62  4:59  Overlord x2  
  62  5:02  Overlord  
  62  5:18  Mutalisk  
  62  5:19  Mutalisk x4  
  72  5:23  Mutalisk  
  74  5:29  Mutalisk  
  76  5:36  Drone x3  
  79  5:47  Drone x5  
  84  5:52  Drone  
  84  5:55  Evolution Chamber  
  84  5:58  Overlord  
  84  5:59  Glial Reconstitution  
  84  6:10  Drone x9  
  93  6:22  Drone x3  
  96  6:30  Zerg Missile Weapons Level 1, Zerg Ground Armor Level 1  
  96  6:34  Overlord x2  
  96  6:35  Overlord  
  96  6:36  Drone x3  
  99  6:52  Drone x6  
  105  6:59  Overlord x3  
  105  7:00  Overlord  
  103  7:08  Hatchery  
  103  7:10  Roach x4  
  103  7:11  Roach x3  
  114  7:23  Extractor  
  114  7:24  Extractor  
  114  7:27  Hydralisk Den  
  114  7:29  Roach, Infestation Pit  
  112  7:30  Roach x8  
  112  7:36  Roach  
  130  7:37  Roach x3  
  136  7:47  Roach x5  
  136  7:48  Roach  
  148  7:56  Ravager  
  148  7:57  Ravager x5  
  154  7:59  Roach  
  154  8:00  Roach  
  159  8:05  Zergling x2  
  159  8:06  Zergling x12  
  159  8:10  Queen  
  159  8:11  Overlord x2  
  159  8:12  Overlord x2  
  167  8:17  Extractor  
  166  8:21  Extractor  
  165  8:29  Drone x3  
  165  8:30  Drone x3  
  165  8:31  Drone  
  165  8:32  Drone  
Tags
 
Add a new tag
Caveats
  • Supply blocks, unpowered buildings, or Contaminate may cause inaccurate times.
  • Supply counts are checked every 10 seconds.